 Dungeon Crawl Stone Soup version 0.32-a0-975-g85d4e5bfdb (webtiles) character file.

Game seed: 16274811831013486937

133 Armakuni the Cudgeller (level 5, 0/37 HPs)
             Began as a Human Artificer on Apr 19, 2024.
             Slain by an ice beast (5 damage)
             ... on level 4 of the Dungeon.
             The game lasted 00:06:43 (2599 turns).

Armakuni the Cudgeller (Human Artificer)            Turns: 2599, Time: 00:06:43

Health: 0/37       AC:  3    Str: 14    XL:     5   Next: 16%
Magic:  5/5        EV: 10    Int: 12    God:
Gold:   208        SH:  0    Dex: 13    Spells: 4/4 levels left

rFire   . . .        a - +0 flail
rCold   . . .        (no shield)
rNeg    . . .        b - +0 leather armour
rPois   .            (no helmet)
rElec   .            (no cloak)
rCorr   .            (no gloves)
SInv    .            (no boots)
Will    .....        (no amulet)
Stlth   +            S - +4 ring of slaying
HPRegen 0.26/turn    (no ring)
MPRegen 0.09/turn

%: no passive effects
@: no status effects
A: explore regen
a: no special abilities


You were on level 4 of the Dungeon.
You visited 1 branch of the dungeon, and saw 4 of its levels.

You collected 208 gold pieces.

Inventory:

Hand Weapons
 a - a +0 flail (weapon)
 j - a +2 short sword of venom
Armour
 b - a +0 leather armour (worn)
 g - a +0 scale mail
Magical Staves
 h - the staff of Prudence {rF+ rC+ Conj Fire}
   (You acquired it on level 2 of the Dungeon)

   [staff of conjuration]

   Base accuracy: +5 Base damage: 5 Base attack delay: 1.2 This weapon's minimum
   attack delay (0.6) is reached at skill level 12.
   rF+:       It protects you from fire.
   rC+:       It protects you from cold.
   Conj:      It increases the power of your Conjurations spells.
   Fire:      It increases the power of your Fire spells.
   It falls into the 'Staves' category.
   It is a one-handed weapon.
Jewellery
 S - a +4 ring of slaying (left hand)
Wands
 c - a wand of flame (3) (quivered)
 d - a wand of charming (12)
 e - a wand of iceblast (5)
Scrolls
 i - a scroll of poison
 k - a scroll of fear {unknown}
 p - a scroll of teleportation {unknown}
Potions
 f - a potion of mutation {unknown}
 l - a potion of cancellation {unknown}
 m - 2 potions of haste
 n - a potion of magic {unknown}
 o - a potion of might {unknown}


   Skills:
 - Level 1.0 Fighting
 - Level 3.2(3.8) Maces & Flails
 + Level 3.1(3.8) Staves
 - Level 2.0 Armour
 - Level 1.0 Dodging
 - Level 1.0 Stealth
 - Level 3.0 Evocations


You had 4 spell levels left.
You didn't know any spells.
Your spell library was empty.

Dungeon Overview and Level Annotations

Branches:
Dungeon (4/15)
 Temple: D:4-7

Altars:


Innate Abilities, Weirdness & Mutations

You regain HP and MP as you explore.


Message History

The puff of flame misses the ice beast.
Aiming: Throw Flame
Press: ? - help, Q - select action, (/) - cycle Shift-Dir - straight line, f/p - ice beast
Aim: an ice beast (71% to hit)
The puff of flame hits the ice beast!
The ice beast melts!
The ice beast is moderately wounded.
Aiming: Throw Flame
Press: ? - help, Q - select action, (/) - cycle Shift-Dir - straight line, f/p - ice beast
Aim: an ice beast (moderately wounded, 71% to hit)
The puff of flame hits the ice beast!
The ice beast melts!
The ice beast is almost dead.
The ice beast closely misses you.
You closely miss the ice beast.
The ice beast is almost dead.
The ice beast completely misses you. The ice beast hits you.
The ice beast freezes you!
You closely miss the ice beast.
The ice beast is severely wounded.
The ice beast barely misses you.
You closely miss the ice beast.
The ice beast is severely wounded.
The ice beast hits you but does no damage.
You hit the ice beast but do no damage.
The ice beast is severely wounded.
The ice beast barely misses you.
You hit the ice beast.
The ice beast is almost dead.
The ice beast hits you. The ice beast freezes you!
* * * LOW HITPOINT WARNING * * *
You barely miss the ice beast.
The ice beast is almost dead.
The ice beast barely misses you. The ice beast closely misses you.
Aiming: Throw Flame
Press: ? - help, Q - select action, (/) - cycle Shift-Dir - straight line, f/p - ice beast
Aim: an ice beast (almost dead, 71% to hit)
The puff of flame misses the ice beast.
The ice beast hits you.
* * * LOW HITPOINT WARNING * * *
The ice beast freezes you.
You die...

#....##..........
#..>.##..........
#....''..........
#....##......[...
#....##..........
#....##..).......
#....#...........
##....#...........
#@....#...........
#Y#####.....#####.
#.# ####### #.#
'.. ###


You could see an ice beast.

Vanquished Creatures
  2 gnolls (D:3)
  3 adders (D:3)
  2 ribbon worms (D:2)
  A dart slug (D:1)
  6 ball pythons
  6 endoplasms
  2 giant cockroaches
  4 goblins
  8 hobgoblins
  6 jackals (D:1)
  6 kobolds
  5 quokkas
  2 bats
  6 frilled lizards
  7 rats
66 creatures vanquished.

Vanquished Creatures (collateral kills)
  A gnoll (D:3)
1 creature vanquished.

Vanquished Creatures (others)
  A gnoll (D:3)
1 creature vanquished.

Grand Total: 68 creatures vanquished

Notes
Turn   | Place    | Note
-------+----------+-------------------------------------------
     0 | D:1      | Armakuni the Human Artificer began the quest for the Orb.
     0 | D:1      | Reached XP level 1. HP: 15/15 MP: 1/1
   125 | D:1      | Reached skill level 1 in Maces & Flails
   221 | D:1      | Reached XP level 2. HP: 21/21 MP: 2/2
   382 | D:1      | HP: 1/21 [kobold/+0 whip (4)]
   667 | D:1      | Reached XP level 3. HP: 16/26 MP: 3/3
  1192 | D:2      | Identified a scroll of acquirement
  1192 | D:2      | Acquired the staff of Prudence {rF+ rC+ Conj Fire}
  1371 | D:2      | Reached skill level 1 in Staves
  1371 | D:2      | Reached XP level 4. HP: 32/32 MP: 4/4
  2516 | D:3      | Reached XP level 5. HP: 37/37 MP: 5/5
  2589 | D:4      | Noticed an ice beast
  2599 | D:4      | Slain by an ice beast

Illustrated notes

Levels and vault maps discovered:
D:1:      dpeg_arrival_court, layout_loops_corners
D:2:      layout_basic
D:3:      layout_rooms, moated_statue, minmay_fountain_box
D:4:      layout_basic, nemelex_altar_shiori, st_stairs_7

Skill      XL: |  1  2  3  4  5 |
---------------+----------------+-----
Maces & Flails | 1 2 3 |  3.2
Staves         | 1 2 3 |  3.1
Fighting       | |  1.0
Armour         | |  2.0
Dodging        | |  1.0
Stealth        | |  1.0
Evocations     | |  3.0

Action                     |  1- 3 |  4- 6 || total
---------------------------+-------+-------++-------
  Melee: Flail             |   122 |    75 ||   197
  Evoke: Wand              |     6 |     9 ||    15
    Use: Scroll            |     3 |     4 ||     7
   Stab: Sleeping          |     3 |     2 ||     5
 Armour: Leather armour    |    90 |    53 ||   143
  Dodge: Dodged            |    76 |    56 ||   132

Table legend: (Time is in decaauts)
 A = Elapsed time spent in this place.
 B = Non-inter-level travel time spent in this place.
 C = Inter-level travel time spent in this place.
 D = Time resting spent in this place.
 E = Time spent auto-exploring this place.
 F = Levels seen in this place.
 G = Mean time per level.
                   A        B        C        D        E       F      G
               +--------+--------+--------+--------+--------+-----+--------+
         Total |   2651 |   2607 |     44 |    109 |   1702 |   4 |  662.8 |
       Dungeon |   2651 |   2607 |     44 |    109 |   1702 |   4 |  662.8 |
               +--------+--------+--------+--------+--------+-----+--------+

Top non-repeatable levels by time:
     D:1: 1095 daAuts
     D:2: 883 daAuts
     D:3: 622 daAuts
     D:4: 49 daAuts
